 Dungeon Crawl Stone Soup version 0.27-a0-1149-g4505690ab0 (webtiles) character file.

Game seed: 10173101616684233548

43374 Likado the Thaumaturge (level 14, -1/103 HPs)
             Began as a Djinni Fire Elementalist on May 13, 2021.
             Was a Believer of Elyvilon.
             Slain by an elephant (2 damage)
             ... on level 6 of the Lair of Beasts.
             The game lasted 00:52:46 (36359 turns).

Likado the Thaumaturge (Djinni Fire Elementalist)  Turns: 36359, Time: 00:52:47

Health: -1/103     AC:  8    Str:  8    XL:     14   Next: 60%
Gold:   399        EV: 22    Int: 20    God:    Elyvilon [**....] SH:  0 Dex: 15

rFire    + + .     SeeInvis .   b - +8 dagger of Qischash {vorpal, rElec rCorr}
rCold    x . .     Faith    .   (no shield)
rNeg     . . .     Spirit   .   D - +2 robe {Will+}
rPois    ∞         Reflect  .   h - +1 helmet
rElec    +         Harm     .   (no cloak)
rCorr    +         Rampage  .   F - +1 pair of gloves {Stlth+}
Will     +++..                  (boots unavailable)
Stlth    ++++......             (no amulet)
HPRegen  0.27/turn              u - ring of willpower
MPRegen  0.00/turn              C - +4 ring of evasion

@: frozen, flying, very slow
A: sickness immunity, fire resistance 2, cold vulnerability 1, float, innate
caster, hp casting, extra vitality 1
a: Renounce Religion, Lesser Healing, Heal Other, Divine Protection


You were on level 6 of the Lair of Beasts.
You worshipped Elyvilon.
Elyvilon was pleased with you.
You visited 3 branches of the dungeon, and saw 18 of its levels.

You collected 1112 gold pieces.
You spent 270 gold pieces at shops.
You donated 443 gold pieces to Zin.

Inventory:

Hand Weapons
 a - a +1 dagger of venom
   (You took it off an orc on level 6 of the Dungeon)
 b - the +8 dagger of Qischash (weapon) {vorpal, rElec rCorr}
   (You took it off an orc wizard on level 7 of the Dungeon)

   It inflicts extra damage upon your enemies.
   It insulates you from electricity.
   It protects you from acid and corrosion.
Missiles
 c - 4 curare-tipped darts
 p - a throwing net {=f, !d}
 A - 69 poisoned darts
 E - 8 boomerangs of dispersal {=f}
Armour
 h - a +1 helmet (worn)
   (You took it off Robin on level 4 of the Dungeon)
 D - a +2 robe of willpower (worn)
   (You took it off Psyche on level 9 of the Dungeon)
 F - a +1 pair of gloves of stealth (worn)
   (You bought it in a shop on level 2 of the Dungeon)
Jewellery
 u - a ring of willpower (left hand)
   (You found it on level 7 of the Dungeon)
 C - a +4 ring of evasion (right hand)
   (You took it off a gnoll on level 9 of the Dungeon)
 I - a +6 ring of strength
   (You found it on level 5 of the Lair of Beasts)
 L - a +6 ring of strength
   (You found it on level 6 of the Lair of Beasts)
Wands
 f - a wand of flame (62)
   (You took it off Ijyb on level 4 of the Dungeon)
 n - a wand of digging (5)
   (You found it on level 1 of the Lair of Beasts)
 r - a wand of paralysis (7)
   (You found it on level 4 of the Dungeon)
 G - a wand of iceblast (12)
   (You found it on level 3 of the Lair of Beasts)
 J - a wand of charming (13)
   (You found it on level 6 of the Lair of Beasts)
Scrolls
 l - 2 scrolls of magic mapping {!r}
 o - 5 scrolls of teleportation
 s - a scroll of silence
 t - 3 scrolls of enchant weapon
 v - 3 scrolls of immolation {!r}
 w - 2 scrolls of identify
 y - 2 scrolls of blinking {!r}
 K - a scroll of enchant armour
Potions
 d - 4 potions of lignification {!q}
 e - 2 potions of heal wounds
 g - 2 potions of ambrosia
 i - 11 potions of curing
 j - 5 potions of might
 k - 4 potions of mutation {!q}
 m - 5 potions of brilliance
 q - 3 potions of attraction {!q}
 x - a potion of invisibility
 z - 3 potions of haste
 B - a potion of resistance
Miscellaneous
 H - a phantom mirror (inert)
   (You found it on level 3 of the Lair of Beasts)


   Skills:
 * Level 10.8 Fighting
 + Level 11.9 Dodging
 - Level 5.0 Stealth
 + Level 11.9 Spellcasting
 + Level 10.5 Invocations


You had 2 spell levels left.
You knew the following spells:

 Your Spells              Type           Power      Damage    Failure   Level
a - Foxfire               Conj/Fire      100%       2x1d9     1%          1
b - Inner Flame           Hex/Fire       56%        N/A       1%          3
c - Conjure Flame         Conj/Fire      56%        6-21      1%          3
d - Summon Small Mammal   Summ           100%       N/A       1%          1
e - Call Imp              Summ           56%        N/A       1%          2
f - Fireball              Conj/Fire      28%        3d12      1%          5
g - Slow                  Hex            56%        N/A       1%          2
h - Summon Ice Beast      Ice/Summ       56%        N/A       1%          4
i - Fulminant Prism       Conj/Hex       28%        3d14      1%          4
j - Irradiate             Conj/Tmut      28%        3d22      1%          5
s - Sticky Flame          Conj/Fire      56%        2d7       1%          4
Your spell library was empty.

Dungeon Overview and Level Annotations

Branches:
Dungeon (11/15)            Temple (1/1) D:6            Lair (6/6) D:9
 Shoals (0/4) Lair:4       Spider (0/4) Lair:2          Orc (0/2) D:10
  Slime: Lair:5-6

Altars:
Ashenzari
Cheibriados
Dithmenos
Elyvilon
Fedhas
Gozag
Hepliaklqana
Kikubaaqudgha
Makhleb
Nemelex Xobeh
Okawaru
Qazlal
Ru
Sif Muna
Trog
Uskayaw
Vehumet
Wu Jian
Xom
Yredelemnul
Zin
The Shining One

Shops:
D:2 [   D:5 *

Annotations:
D:9 3 runed translucent doors, Vomitron's ghost, novice DrCj


Innate Abilities, Weirdness & Mutations

You are immune to sickness and miasma.
You are immune to poison.
Your flesh is very heat resistant. (rF++)
You are vulnerable to cold. (rC-)
You float through the air rather than walking.
You learn spells naturally, not from books.
Your magical power is your life essence.
You have superior vitality. (+4 HP)


Message History

The cane toad burns!
The cane toad misses you.
You take 4 damage, and have 40/103 hp.
Unknown command.
The cane toad burns!
A nearby plant withers and dies.
The cane toad burns!
The cane toad burns!
You kill the cane toad!
You start resting.
Health restored: 103
(D) Dungeon (T) Temple (L) Lair (A) Shoals (N) Spider Nest (O) Orcish Mines
Where to? (Enter - Lair:6, ? - help)
There is a stone staircase leading down here.
You fly downwards.
A rime drake comes into view.
The elephant tramples you!
You are shoved backwards!
The elephant misses you. The elephant trunk-slaps you.
You take 10 damage, and have 93/103 hp.
Unknown command.
Unknown command.
Unknown command.
The rime drake hisses angrily.
The rime drake breathes ice at you. The flash freeze hits you!!
You feel a painful chill!
You are encased in ice.
You take 28 damage, and have 65/103 hp.
MASSIVE DAMAGE!!
Unknown command.
Unknown command.
The elephant misses you. The elephant trunk-slaps you.
The elephant completely misses you.
The elephant trunk-slaps you but does no damage.
The five-headed hydra bites you! The five-headed hydra bites you.
The five-headed hydra completely misses you.
The five-headed hydra misses you. x2
You take 12 damage, and have 53/103 hp.
The ice encasing you melts away.
Aim: a five-headed hydra (100% to hit)
The sticky flame hits the five-headed hydra!
The five-headed hydra is covered in liquid flames!
The five-headed hydra burns!
The rime drake barely misses you. The elephant tramples you!
You are shoved backwards!
You take 16 damage, and have 38/103 hp.
Unknown command.
Unknown command.
Unknown command.
Unknown command.
The five-headed hydra burns!
A black mamba comes into view.
The five-headed hydra burns!
The five-headed hydra burns!
The black mamba misses you.
The five-headed hydra burns!
The black mamba completely misses you.
The five-headed hydra burns!
The black mamba bites you.
The five-headed hydra closely misses you.
The five-headed hydra completely misses you.
The five-headed hydra misses you.
The five-headed hydra barely misses you. x2
You take 3 damage, and have 36/103 hp.
The black mamba completely misses you. The elephant completely misses you. x2
A chill wind blows around you.
The five-headed hydra burns!
The black mamba misses you. The black mamba closely misses you.
The elephant tramples you!
* * * LOW HITPOINT WARNING * * *
You are shoved backwards!
You take 17 damage, and have 20/103 hp.
Unknown command.
Unknown command.
You swap places.
The five-headed hydra burns!
The black mamba barely misses your ice beast.
The elephant tramples your ice beast!
Your ice beast stumbles backwards!
Your ice beast hits the elephant but does no damage.
The five-headed hydra burns!
The five-headed hydra stops burning.
Your ice beast hits the elephant but does no damage.
Your ice beast hits the black mamba.
Your ice beast freezes the black mamba!
The black mamba seems to slow down.
The black mamba completely misses you.
Your ice beast hits the elephant but does no damage.
Something barely misses your ice beast.
Something completely misses your ice beast. x2
Something bites your ice beast!
Something bites your ice beast but does no damage.
Something tramples your ice beast!
Your ice beast stumbles backwards!
A chill wind blows around you.
* * * LOW HITPOINT WARNING * * *
The elephant tramples your ice beast!
Your ice beast stumbles backwards!
Your ice beast dies!
The rime drake completely misses you. The black mamba barely misses you.
You take 4 damage, and have 18/103 hp.
Unknown command.
Unknown command.
You are healed.
The black mamba is no longer moving slowly.
The rime drake breathes ice at you. The flash freeze hits you!!
You feel a painful chill!
* * * LOW HITPOINT WARNING * * *
You are encased in ice.
The black mamba completely misses you. The rime drake bites you.
* * * LOW HITPOINT WARNING * * *
The elephant tramples you.
You die...

..........P..........#...........
..........#..........#..........P
.P.......................<.......
.........#.......................
#....................PP.........#
##...............P#..............
..........................)......
.P...............#..............#
...............Y@#...#...........
....†..........YSk#.k#...........
.........#......YP#.D.#...P......
♣♣♣.............Y.D..............
♣♣♣.......♣♣.♣♣.....♣♣.........
♣♣....♣♣♣♣♣♣♣♣♣..♣♣♣♣♣♣♣♣♣..♣
♣♣♣.♣♣ ♣♣♣♣ ♣♣♣♣ ♣♣


You could see a five-headed hydra, 3 elephants, a black mamba (ally target), a
rime drake (catching breath) and a friendly ice beast (summoned).

Vanquished Creatures
  A hydra (Lair:1)
  2 two-headed ogres
  Sonja (Lair:3)
  Pikel (D:9)
  An oklob plant (Lair:4)
  2 manticores
  A cyclops (D:11)
  10 elephants
  9 black mambas
  8 cane toads
  Psyche (D:9)
  An unseen horror (D:11)
  A rime drake (Lair:6)
  6 komodo dragons
  2 trolls
  A polar bear (Lair:5)
  A wind drake (Lair:4)
  5 blink frogs
  2 dream sheep
  A shadow (D:10)
  2 basilisks
  2 wraiths
  42 yaks
  2 wyverns
  3 steam dragons
  A vampire mosquito (D:11)
  21 water moccasins
  2 orc warriors
  A sky beast (D:6)
  3 black bears
  An ice beast (D:7)
  3 necrophages
  2 ogres (D:6)
  4 centaurs
  21 wolves
  2 phantoms (D:6)
  14 bullfrogs
  2 gnoll sergeants
  3 scorpions
  A water moccasin skeleton (D:6)
  14 killer bees
  An oklob sapling (D:6)
  22 wights
  3 electric eels (D:10)
  3 centaur zombies
  4 orc priests
  4 jellies
  8 hounds
  3 iguanas
  A bullfrog skeleton (D:5)
  A centaur skeleton (D:6)
  Ijyb (D:4)
  5 orc wizards
  A scorpion zombie (D:4)
  4 hell rats (Lair:4)
  A hound skeleton (D:4)
  Robin (D:4)
  A howler monkey zombie (D:5)
  12 gnolls
  A howler monkey skeleton (D:7)
  11 adders
  2 shadow imps
  3 white imps (Lair:5)
  An adder skeleton (D:4)
  2 worms
  A dart slug (D:1)
  18 orcs
  7 bats
  15 endoplasms
  4 giant cockroaches
  19 goblins
  9 hobgoblins
  14 jackals
  16 kobolds
  2 quokkas (D:1)
  6 ball pythons
  2 frilled lizards
  7 rats
  A butterfly (Lair:5)
  2 foxfires (D:11)
422 creatures vanquished.

Vanquished Creatures (collateral kills)
  An ice dragon (Lair:5)
  6 hydras
  2 cyclopes (D:11)
  An elephant (Lair:4)
  A black mamba (Lair:5)
  A gargoyle (D:11)
  A torpor snail (Lair:6)
  6 cane toads
  4 komodo dragons
  6 dream sheep (Lair:5)
  2 blink frogs (Lair:3)
  Prince Ribbit (D:9)
  A wraith (D:11)
  2 wyverns (Lair:3)
  2 basilisks
  4 yaks
  A vampire mosquito (D:11)
  4 water moccasins
  2 black bears (D:9)
  13 wolves
  A phantom (D:6)
  Blork the orc (D:6)
  3 bullfrogs
  6 scorpions
  3 killer bees (D:8)
  2 hell rats
  2 gnolls (D:9)
  An endoplasm (D:3)
  2 butterflies (Lair:3)
  14 foxfires
96 creatures vanquished.

Vanquished Creatures (others)
  1969 foxfires
  21 fulminant prisms
  125 fungi
  116 plants
  9 toadstools (D:3)
2240 creatures vanquished.

Grand Total: 2758 creatures vanquished

Notes
Turn   | Place    | Note
-------+----------+-------------------------------------------
     0 | D:1      | Likado the Djinni Fire Elementalist began the quest for the
                  | Orb.
     0 | D:1      | Reached XP level 1. HP: 15/15 MP: 0/0
   190 | D:1      | Reached XP level 2. HP: 16/21 MP: 0/0
   663 | D:1      | Reached skill level 2 in Stealth
   834 | D:1      | Reached XP level 3. HP: 23/25 MP: 0/0
   834 | D:1      | Learned a level 1 spell: Summon Small Mammal
  1337 | D:1      | Found a faded altar of an unknown god.
  1448 | D:1      | Became a worshipper of Zin the Law-Giver
  1448 | D:1      | Reached * piety under Zin
  1948 | D:2      | Reached skill level 1 in Fighting
  1948 | D:2      | Reached XP level 4. HP: 24/32 MP: 0/0
  2086 | D:2      | Reached skill level 3 in Spellcasting
  2106 | D:2      | Reached skill level 3 in Dodging
  2109 | D:2      | HP: 5/32 [gnoll/+0 halberd (15)]
  2581 | D:2      | Reached XP level 5. HP: 32/37 MP: 0/0
  2581 | D:2      | Learned a level 2 spell: Call Imp
  2898 | D:2      | Found Fiefauqek's Armour Boutique.
  3359 | D:3      | Reached ** piety under Zin
  3621 | D:3      | HP: 8/38 [acid (7)]
  3623 | D:3      | Reached skill level 2 in Fighting
  3623 | D:3      | Reached XP level 6. HP: 9/43 MP: 0/0
  4391 | D:4      | Noticed Robin
  4401 | D:4      | Killed Robin
  4610 | D:4      | Found a basalt altar of Yredelemnul.
  4610 | D:4      | Found an opulent altar of Gozag.
  4781 | D:4      | Noticed Ijyb
  4791 | D:4      | Killed Ijyb
  4792 | D:4      | Reached skill level 1 in Invocations
  4926 | D:4      | Reached skill level 3 in Stealth
  4938 | D:4      | Reached skill level 4 in Dodging
  4938 | D:4      | Reached XP level 7. HP: 36/49 MP: 0/0
  4938 | D:4      | Learned a level 2 spell: Slow
  5037 | D:4      | Reached skill level 4 in Spellcasting
  5388 | D:4      | Reached skill level 3 in Fighting
  5388 | D:4      | Reached skill level 2 in Invocations
  5613 | D:4      | Found a hazy altar of Hepliaklqana.
  5651 | D:4      | Reached XP level 8. HP: 49/56 MP: 0/0
  7857 | D:5      | Entered Level 5 of the Dungeon
  8140 | D:5      | Reached *** piety under Zin
  8286 | D:5      | Reached skill level 5 in Dodging
  8289 | D:5      | Reached skill level 5 in Spellcasting
  8291 | D:5      | Reached skill level 4 in Stealth
  8291 | D:5      | Reached skill level 3 in Invocations
  8533 | D:5      | Found a sparkling altar of Nemelex Xobeh.
  8550 | D:5      | Found Qatuamp's Assorted Antiques.
  8575 | D:5      | Bought an orange potion for 24 gold pieces
  8575 | D:5      | Bought a puce potion for 24 gold pieces
  8575 | D:5      | Bought an orange potion for 24 gold pieces
  8955 | D:6      | Reached skill level 4 in Fighting
  9075 | D:6      | Reached XP level 9. HP: 47/62 MP: 0/0
  9075 | D:6      | Learned a level 4 spell: Summon Ice Beast
  9187 | D:6      | HP: 15/62 [phantom (5)]
 10040 | D:6      | Reached **** piety under Zin
 10065 | D:6      | Found a glowing golden altar of the Shining One.
 10117 | D:6      | Found a burning altar of Makhleb.
 10119 | D:6      | Found a sacrificial altar of Ru.
 10150 | D:6      | Noticed Blork the orc
 10168 | D:6      | Killed Blork the orc
 10475 | D:6      | Reached skill level 4 in Invocations
 10628 | D:6      | Found a hazy altar of Hepliaklqana.
 10665 | D:6      | Found a staircase to the Ecumenical Temple.
 10713 | D:7      | Noticed a two-headed ogre
 10833 | D:7      | Reached skill level 6 in Dodging
 10833 | D:7      | Reached skill level 6 in Spellcasting
 11706 | D:7      | Identified the +8 dagger of Qischash {vorpal, rElec rCorr}
 11710 | D:7      | Reached skill level 5 in Stealth
 11739 | D:7      | Reached skill level 5 in Fighting
 12273 | D:7      | Reached ***** piety under Zin
 12398 | D:7      | Killed a two-headed ogre
 12399 | D:7      | Reached skill level 5 in Invocations
 12399 | D:7      | Reached XP level 10. HP: 33/70 MP: 0/0
 12934 | D:8      | Reached skill level 7 in Spellcasting
 13042 | D:8      | Reached skill level 7 in Dodging
 13357 | D:8      | Found an iron altar of Okawaru.
 13732 | D:8      | Reached skill level 6 in Fighting
 15220 | D:8      | HP: 15/72 [bullfrog (1)]
 15224 | D:8      | HP: 5/72 [bullfrog (5)]
 15540 | D:9      | Noticed Psyche
 15600 | D:9      | Killed Psyche
 15601 | D:9      | Reached skill level 6 in Invocations
 15603 | D:9      | Reached XP level 11. HP: 32/78 MP: 0/0
 15603 | D:9      | Learned a level 4 spell: Fulminant Prism
 15973 | D:9      | Noticed Pikel
 15987 | D:9      | Killed Pikel
 15988 | D:9      | Reached skill level 8 in Spellcasting
 16004 | D:9      | Reached skill level 8 in Dodging
 16217 | D:9      | Noticed Prince Ribbit
 16228 | D:9      | Killed Prince Ribbit
 16835 | D:9      | Found a runed translucent gate.
 16835 | D:9      | Found a runed translucent gate.
 16836 | D:9      | Found a runed translucent gate.
 16836 | D:9      | Found an opulent altar of Gozag.
 16836 | D:9      | Noticed Vomitron's ghost (novice DrCj)
 16836 | D:9      | Noticed a two-headed ogre
 16872 | D:9      | Found a staircase to the Lair.
 16941 | D:9      | Reached skill level 7 in Fighting
 16995 | D:9      | Found a stormy altar of Qazlal.
 18052 | D:10     | Entered Level 10 of the Dungeon
 18854 | D:10     | Reached skill level 7 in Invocations
 18984 | D:10     | Found a staircase to the Orcish Mines.
 19076 | D:10     | Noticed a two-headed ogre
 19086 | D:10     | Killed a two-headed ogre
 19607 | D:11     | Noticed a cyclops
 19647 | D:11     | Killed a cyclops
 19989 | D:11     | Reached skill level 9 in Spellcasting
 20081 | D:11     | Noticed a manticore
 20093 | D:11     | Killed a manticore
 20094 | D:11     | Reached skill level 9 in Dodging
 20094 | D:11     | Reached XP level 12. HP: 61/86 MP: 0/0
 20705 | D:11     | Reached skill level 8 in Fighting
 21226 | Lair:1   | Entered Level 1 of the Lair of Beasts
 21231 | Lair:1   | Was placed under penance by Zin
 21500 | Lair:1   | Noticed an eight-headed hydra
 21521 | Lair:1   | Killed an eight-headed hydra
 21704 | Lair:1   | Reached skill level 8 in Invocations
 23226 | Lair:2   | Reached skill level 10 in Spellcasting
 23446 | D:2      | Bought a +1 pair of gloves of stealth for 198 gold pieces
 23677 | Lair:2   | Noticed an eight-headed hydra
 23685 | Lair:2   | Killed an eight-headed hydra
 23686 | Lair:2   | Reached skill level 10 in Dodging
 24014 | Lair:2   | Reached XP level 13. HP: 76/94 MP: 0/0
 24014 | Lair:2   | Learned a level 5 spell: Irradiate
 24018 | Lair:2   | Reached skill level 9 in Fighting
 24120 | Lair:2   | Noticed a four-headed hydra
 24155 | Lair:2   | Killed a four-headed hydra
 24437 | Lair:2   | Was forgiven by Zin
 24524 | Lair:2   | Donated 202 gold pieces to Zin
 24858 | Lair:2   | HP: 17/94 [yak (10)]
 25609 | Lair:2   | Found a hole to the Spider Nest.
 25716 | Lair:2   | Reached skill level 9 in Invocations
 26090 | Lair:3   | Noticed a seven-headed hydra
 26105 | Lair:3   | Killed a seven-headed hydra
 26255 | Lair:3   | Noticed Sonja
 26267 | Lair:3   | Killed Sonja
 27159 | Lair:3   | HP: 20/94 [black mamba (5)]
 27848 | Lair:3   | HP: 17/95 [black mamba (9)]
 27857 | Lair:3   | HP: 8/95 [black mamba (11)]
 28372 | Lair:3   | Was placed under penance by Zin
 28373 | Lair:3   | HP: 17/95 [cloud of flame (8)]
 28759 | Lair:3   | Reached skill level 11 in Spellcasting
 28764 | Lair:3   | Reached skill level 11 in Dodging
 29114 | Lair:3   | Noticed a seven-headed hydra
 29123 | Lair:3   | Killed a seven-headed hydra
 29822 | Lair:4   | Donated 155 gold pieces to Zin
 29995 | Temple   | Entered the Ecumenical Temple
 30233 | Temple   | Fell from the grace of Zin
 30233 | Temple   | Became a worshipper of Elyvilon the Healer
 30233 | Temple   | Reached * piety under Elyvilon
 30233 | Temple   | Reached ** piety under Elyvilon
 30665 | Lair:4   | Reached skill level 10 in Fighting
 30911 | Lair:4   | Was placed under penance by Elyvilon
 31390 | Lair:4   | Reached XP level 14. HP: 94/103 MP: 0/0
 31744 | Lair:4   | Reached skill level 10 in Invocations
 32020 | Lair:4   | Found a stormy altar of Qazlal.
 32223 | Lair:4   | Found a staircase to the Shoals.
 32759 | Lair:5   | HP: 9/103 [ice dragon/blast of cold (87)]
 33416 | Lair:4   | HP: 17/103 [cane toad (15)]
 34319 | Lair:5   | Was forgiven by Elyvilon
 35178 | Lair:6   | Entered Level 6 of the Lair of Beasts
 35946 | Lair:6   | HP: 20/103 [elephant (4)]
 36351 | Lair:6   | HP: 20/103 [elephant (13)]
 36359 | Lair:6   | HP: 2/103 [rime drake/flash freeze (22)]
 36359 | Lair:6   | Slain by an elephant

Illustrated notes

Levels and vault maps discovered:
D:1:      mrwooster_arrival_statue_3, layout_basic,
          hellmonk_ecumenical_altar_inner_sanctum
D:2:      layout_basic, serial_shops, nicolae_shop_window_shopping
D:3:      cheibrodos_fertilizer, layout_loops_cross
D:4:      layout_layer_cave, general_overflow_altar, grunt_temple_overflow_open,
          corexii_hall_statues_l, kennysheep_donut, minmay_ruined_shrine,
          uniq_ijyb, uniq_robin
D:5:      layout_cave_pods, amcnicky_altar_gilded, serial_shops, shop_fountains,
          st_stairs_4, grunt_decor_cap
D:6:      layout_rooms, lemuel_tele_altar, jmf_multi_god_temple,
          gammafunk_temple_overflow_wave, minmay_temple_entry_oklob,
          uniq_blork_the_orc
D:7:      layout_basic, chequers_serial_rivers_small_a, minivault_24,
          hangedman_decor_diamond_cutter
D:8:      layout_layer_cave, overflow_temple_1_default
D:9:      layout_loops_ring, overflow_temple_1_default,
          due_lair_maze_entry_diamond, ebering_ghost_gozag, uniq_psyche,
          uniq_pikel, uniq_prince_ribbit1
D:10:     layout_basic, orc_0_dummy
D:11:     layout_irregular_city
Temple:   minmay_temple_curvy_loop
Lair:1:   layout_chaotic_city
Lair:2:   layout_small_grid, nicolae_spider_entry_non_spiders,
          chequers_serial_rivers_room_b
Lair:3:   nzn_winding_woodlands_stair_trap [nzn_winding_woodlands_5x15_cabin,
          nzn_winding_woodlands_5x15_longhouse,
          nzn_winding_woodlands_5x15_sawtooth,
          nzn_winding_woodlands_15x15_killbox,
          nzn_winding_woodlands_5x15_zeroes,
          nzn_winding_woodlands_5x15_sidewinder,
          nzn_winding_woodlands_5x15_eye], layout_layer_cave,
          gauntlet_entry_generic, lemuel_fruit_fields, uniq_sonja
Lair:4:   layout_gridlike, minmay_shoals_entry_beasts, basic_altar, minmay_holes
Lair:5:   layout_regular_city, bobbens_ice_dragon_lair, lemuel_fruit_fields,
          lemuel_fruit_tree
Lair:6:   evil_forest, layout_long_grid, slime_altar_1, minivault_25,
          minivault_26

Skill      XL: |  1  2  3  4  5  6  7  8  9 10 11 12 13 14 |
---------------+-------------------------------------------+-----
Stealth        | 2 3 4 5 |  5.0
Fighting       | 1 2 3 4 5 6 7 8 10 | 10.8
Spellcasting   | 3 4 5 6 7 9 10 11 | 11.9
Dodging        | 3 4 5 6 7 9 10 11 | 11.9
Invocations    | 1 2 3 5 6 7 8 9 10 | 10.5

Action                   |  1- 3 |  4- 6 |  7- 9 | 10-12 | 13-15 || total
-------------------------+-------+-------+-------+-------+-------++-------
Melee: Short sword       |     1 |    13 |    16 |       |       ||    30
       Dagger            |       |       |    20 |    56 |   120 ||   196
 Cast: Foxfire           |    72 |   140 |   338 |   393 |   237 ||  1180
       Summon Small Mamm |       |     9 |     1 |     1 |       ||    11
       Sticky Flame      |       |     2 |     6 |    52 |    76 ||   136
       Conjure Flame     |       |     5 |     2 |    21 |    14 ||    42
       Slow              |       |       |    14 |     4 |     2 ||    20
       Fireball          |       |       |     4 |    27 |    27 ||    58
       Summon Ice Beast  |       |       |     4 |    42 |   123 ||   169
       Fulminant Prism   |       |       |       |    13 |     8 ||    21
       Inner Flame       |       |       |       |       |     4 ||     4
       Irradiate         |       |       |       |       |     1 ||     1
Invok: Donate Gold       |       |       |       |       |     2 ||     2
       Lesser Healing    |       |       |       |       |     1 ||     1
Evoke: Wand              |       |       |       |     1 |     5 ||     6
       Phantom mirror    |       |       |       |       |     1 ||     1
  Use: Scroll            |       |    11 |     8 |     6 |     1 ||    26
       Potion            |       |       |     1 |       |     3 ||     4
 Stab: Sleeping          |       |       |     1 |       |     3 ||     4
       Paralysed         |       |       |       |       |     2 ||     2
Armor: Robe              |     5 |     6 |       |    14 |    40 ||    65
       Animal skin       |       |     1 |    14 |     9 |       ||    24
Dodge: Dodged            |     5 |    30 |    98 |   176 |   329 ||   638

Table legend: (Time is in decaauts)
 A = Elapsed time spent in this place.
 B = Non-inter-level travel time spent in this place.
 C = Inter-level travel time spent in this place.
 D = Time resting spent in this place.
 E = Time spent auto-exploring this place.
 F = Levels seen in this place.
 G = Mean time per level.
                   A        B        C        D        E       F      G
               +--------+--------+--------+--------+--------+-----+--------+
         Total |  36410 |  34840 |   1570 |  18005 |  12713 |  18 | 2022.8 |
       Dungeon |  21764 |  20673 |   1091 |   9728 |   8541 |  11 | 1978.5 |
        Temple |    267 |    205 |     62 |      0 |    200 |   1 |  267.0 |
          Lair |  14378 |  13962 |    416 |   8277 |   3972 |   6 | 2396.3 |
               +--------+--------+--------+--------+--------+-----+--------+

Top non-repeatable levels by time:
  Lair:3: 4589 daAuts
     D:8: 3614 daAuts
     D:4: 3133 daAuts
  Lair:1: 2779 daAuts
  Lair:4: 2428 daAuts
     D:6: 2104 daAuts
     D:9: 2061 daAuts
  Lair:5: 1918 daAuts
     D:7: 1911 daAuts
     D:1: 1852 daAuts
  Lair:2: 1833 daAuts
    D:11: 1826 daAuts
     D:3: 1562 daAuts
     D:2: 1451 daAuts
    D:10: 1318 daAuts

Table legend:
 A = Kills in this place as a percentage of kills in entire the game.
 B = Kills by you in this place as a percentage of kills by you in the entire game.
 C = Kills by friends in this place as a percentage of kills by friends in the entire game.
 D = Other kills in this place as a percentage of other kills in the entire game.
 E = Experience gained in this place as a percentage of experience gained in the entire game.
 F = Experience gained in this place divided by the number of levels of this place that you have seen.
                   A       B       C       D       E      F
               +-------+-------+-------+-------+-------+----------------------
         Total | 100.0 | 100.0 | 100.0 |   N/A | 100.0 | 3442.4
       Dungeon |  57.9 |  64.4 |  23.8 |   N/A |  27.7 | 1560.7
          Lair |  42.1 |  35.6 |  76.2 |   N/A |  72.3 | 7466.0
               +-------+-------+-------+-------+-------+----------------------
